MLB
LOS ANGELES DODGERS @ ARIZONA DIAMONDBACKS
09/03/2046
 
TOP OF THE 1ST
Los Angeles Dodgers batting - Pitching for Arizona Diamondbacks : LHP Tim Wybenga
Pitching: LHP Tim Wybenga
Batting: RHB Clay Buchanan 0-0: Called Strike
0-1: Foul Ball, location: 2F
0-2: Ball
1-2: Ball
2-2: Ground out 6-3 (Groundball, 6, EV 104.4 MPH)
Batting: RHB Nate Taylor 0-0: Called Strike
0-1: Ball
1-1: SINGLE (Flyball, 8LS, EV 90.0 MPH)
Batting: LHB Lirak Bazhunaishvili 0-0: Called Strike
0-1: Ball
1-1: Ball
2-1: Ball
3-1: Foul Ball, location: 2F
3-2: Fly out, F8 (Flyball, 8LD, EV 105.0 MPH)
Batting: RHB Danny Dyer 0-0: Swinging Strike
0-1: Ball
1-1: Foul Ball, location: 2F
1-2: Strikes out looking
Top of the 1st over - 0 runs, 1 hit, 0 errors, 1 left on base; Los Angeles 0 - Arizona 0
BOTTOM OF THE 1ST
Arizona Diamondbacks batting - Pitching for Los Angeles Dodgers : RHP Ray Scifo
Pitching: RHP Ray Scifo
Batting: LHB Eric Klasek 0-0: Ball
1-0: Fly out, F8 (Flyball, 8LD, EV 88.1 MPH)
Batting: RHB Katilimomi Kelekolio 0-0: Bunt for hit to 2L - play at first, batter OUT! 2-3
Batting: LHB Joel Kunkler 0-0: Ball
1-0: Ball
2-0: Fly out, F9 (Flyball, 9, EV 95.6 MPH)
Bottom of the 1st over - 0 runs, 0 hits, 0 errors, 0 left on base; Los Angeles 0 - Arizona 0
TOP OF THE 2ND
Los Angeles Dodgers batting - Pitching for Arizona Diamondbacks : LHP Tim Wybenga
Batting: RHB Ben Mischnick 0-0: Ball
1-0: Called Strike
1-1: Ground out 5-3 (Groundball, 5, EV 90.6 MPH)
Batting: LHB Chris Ringwood 0-0: Ball
1-0: Foul Ball, location: 2F
1-1: Swinging Strike
1-2: Strikes out swinging
Batting: RHB Wing-kit Bu 0-0: Ground out 1-3 (Groundball, 13S, EV 72.5 MPH)
Top of the 2nd over - 0 runs, 0 hits, 0 errors, 0 left on base; Los Angeles 0 - Arizona 0
BOTTOM OF THE 2ND
Arizona Diamondbacks batting - Pitching for Los Angeles Dodgers : RHP Ray Scifo
Batting: RHB Andy Swaim 0-0: Ball
1-0: Ball
2-0: Ball
3-0: Called Strike
3-1: Base on Balls
Batting: RHB David Price Jr. 0-0: Called Strike
0-1: Ball
Andy Swaim is caught stealing 2nd base 2-4
1-1: Ball
2-1: Foul Ball, location: 2F
2-2: Ball
3-2: Base on Balls
Batting: SHB Perry Tuckfard 0-0: Swinging Strike
0-1: Ball
David Price Jr. steals 2nd base
1-1: Called Strike
1-2: Fly out, F7 (Flyball, 78D, EV 100.0 MPH)
Batting: LHB Armando Carbajal 0-0: Ball
1-0: Foul Ball, location: 2F
1-1: Foul Ball, location: 2F
1-2: Foul Ball, location: 2F
1-2: Strikes out swinging
Bottom of the 2nd over - 0 runs, 0 hits, 0 errors, 1 left on base; Los Angeles 0 - Arizona 0
TOP OF THE 3RD
Los Angeles Dodgers batting - Pitching for Arizona Diamondbacks : LHP Tim Wybenga
Batting: RHB Jonathan Rangel 0-0: SINGLE (Groundball, 6MD, EV 96.2 MPH)
Batting: RHB Edwin Soto 0-0: Foul Ball, location: 2F
0-1: Ball
1-1: Ball
2-1: Called Strike
Jonathan Rangel steals 2nd base
2-2: Ground out 6-3 (Groundball, 6, EV 86.9 MPH)
Jonathan Rangel to third
Batting: RHB Clay Buchanan 0-0: Ball
1-0: Called Strike
1-1: Called Strike
1-2: Ball
2-2: Ball
3-2: Foul Ball, location: 2F
3-2: Base on Balls
Batting: RHB Nate Taylor 0-0: Fly out, F8 (Flyball, 8RD, EV 97.5 MPH)
Runner from 3rd tags up, SCORES, no throw by CF
Batting: LHB Lirak Bazhunaishvili 0-0: Called Strike
0-1: Ball
1-1: Called Strike
Clay Buchanan steals 2nd base (no throw)
1-2: Ball
2-2: Foul Ball, location: 2F
2-2: Ball
3-2: Strikes out looking
Top of the 3rd over - 1 run, 1 hit, 0 errors, 1 left on base; Los Angeles 1 - Arizona 0
BOTTOM OF THE 3RD
Arizona Diamondbacks batting - Pitching for Los Angeles Dodgers : RHP Ray Scifo
Batting: SHB Salvador Aragon 0-0: Ball
1-0: Foul Ball, location: 2F
1-1: Ball
2-1: Ball
3-1: Base on Balls
Batting: SHB Warren Eisner 0-0: Ball
1-0: Foul Ball, location: 2F
1-1: Foul Ball, location: 2F
1-2: Strikes out looking
Batting: LHB Eric Klasek 0-0: Ball
1-0: Called Strike
1-1: Called Strike
1-2: Ball
2-2: Strikes out swinging
Batting: RHB Katilimomi Kelekolio 0-0: Ball
1-0: Ball
2-0: Ball
3-0: Called Strike
3-1: Called Strike
Pickoff Throw by Catcher to First - Out!
Bottom of the 3rd over - 0 runs, 0 hits, 0 errors, 0 left on base; Los Angeles 1 - Arizona 0
TOP OF THE 4TH
Los Angeles Dodgers batting - Pitching for Arizona Diamondbacks : LHP Tim Wybenga
Batting: RHB Danny Dyer 0-0: Foul Ball, location: 2F
0-1: Swinging Strike
0-2: Ball
1-2: Ground out 6-3 (Groundball, 6S, EV 85.0 MPH)
Batting: RHB Ben Mischnick 0-0: Ground out 6-3 (Groundball, 6, EV 80.0 MPH)
Batting: LHB Chris Ringwood 0-0: Called Strike
0-1: Ball
1-1: Ball
2-1: Called Strike
2-2: Ball
3-2: Foul Ball, location: 2F
3-2: Base on Balls
Batting: RHB Wing-kit Bu 0-0: Ball
1-0: Foul Ball, location: 2F
1-1: Called Strike
1-2: Ground out 4-3 (Groundball, 4, EV 81.2 MPH)
Top of the 4th over - 0 runs, 0 hits, 0 errors, 1 left on base; Los Angeles 1 - Arizona 0
BOTTOM OF THE 4TH
Arizona Diamondbacks batting - Pitching for Los Angeles Dodgers : RHP Ray Scifo
Batting: RHB Katilimomi Kelekolio 0-0: Called Strike
0-1: Foul Ball, location: 2F
0-2: Foul Ball, location: 2F
0-2: Fly out, F8 (Flyball, 8RD, EV 85.6 MPH)
Batting: LHB Joel Kunkler 0-0: Called Strike
0-1: Swinging Strike
0-2: Ball
1-2: Strikes out swinging
Batting: RHB Andy Swaim 0-0: Called Strike
0-1: Foul Ball, location: 2F
0-2: Fly out, F8 (Flyball, 78M, EV 92.5 MPH)
Bottom of the 4th over - 0 runs, 0 hits, 0 errors, 0 left on base; Los Angeles 1 - Arizona 0
TOP OF THE 5TH
Los Angeles Dodgers batting - Pitching for Arizona Diamondbacks : LHP Tim Wybenga
Batting: RHB Jonathan Rangel 0-0: Ball
1-0: TRIPLE (Flyball, 78XD, EV 108.1 MPH)
Batting: RHB Edwin Soto 0-0: Called Strike
0-1: Ball
1-1: Foul Ball, location: 2F
1-2: Ball
2-2: Ground out 5-3 (Groundball, 56S, EV 84.4 MPH)
Jonathan Rangel scores
Batting: RHB Clay Buchanan 0-0: Foul Ball, location: 2F
0-1: Swinging Strike
0-2: Foul Ball, location: 2F
0-2: Foul Ball, location: 2F
0-2: Ground out 5-3 (Groundball, 56, EV 108.1 MPH)
Batting: RHB Nate Taylor 0-0: Called Strike
0-1: Ball
1-1: Ball
2-1: Foul Ball, location: 2F
2-2: Foul Ball, location: 2F
2-2: Ball
3-2: Strikes out swinging
Top of the 5th over - 1 run, 1 hit, 0 errors, 0 left on base; Los Angeles 2 - Arizona 0
BOTTOM OF THE 5TH
Arizona Diamondbacks batting - Pitching for Los Angeles Dodgers : RHP Ray Scifo
Batting: RHB David Price Jr. 0-0: Called Strike
0-1: DOUBLE (Line Drive, 89XD, EV 98.8 MPH)
Batting: SHB Perry Tuckfard 0-0: Swinging Strike
0-1: Ball
1-1: Ball
2-1: Called Strike
2-2: Ball
3-2: Foul Ball, location: 2F
3-2: Base on Balls
Batting: LHB Armando Carbajal 0-0: Called Strike
0-1: Called Strike
0-2: Strikes out swinging
Batting: SHB Salvador Aragon 0-0: Ball
1-0: Ball
2-0: Swinging Strike
2-1: Called Strike
2-2: Foul Ball, location: 2F
2-2: DOUBLE (Flyball, 8RXD, EV 87.5 MPH)
David Price Jr. scores
Perry Tuckfard to third
Runner from 3rd tries for Home, throw by CF and OUT! 8-4-2
Batting: SHB Warren Eisner 0-0: Ball
1-0: Swinging Strike
1-1: Fly out, F8 (Flyball, 8RM, EV 90.0 MPH)
Bottom of the 5th over - 1 run, 2 hits, 0 errors, 1 left on base; Los Angeles 2 - Arizona 1
TOP OF THE 6TH
Los Angeles Dodgers batting - Pitching for Arizona Diamondbacks : LHP Tim Wybenga
Batting: LHB Lirak Bazhunaishvili 0-0: Swinging Strike
0-1: Fly out, F9 (Flyball, 89M, EV 82.5 MPH)
Batting: RHB Danny Dyer 0-0: Ball
1-0: Called Strike
1-1: Fly out, F9 (Flyball, 89D, EV 100.6 MPH)
Batting: RHB Ben Mischnick 0-0: Called Strike
0-1: Ball
1-1: Ground out U3 (Groundball, 34, EV 89.4 MPH)
Top of the 6th over - 0 runs, 0 hits, 0 errors, 0 left on base; Los Angeles 2 - Arizona 1
BOTTOM OF THE 6TH
Arizona Diamondbacks batting - Pitching for Los Angeles Dodgers : RHP Ray Scifo
Batting: LHB Eric Klasek 0-0: Called Strike
0-1: Foul Ball, location: 2F
0-2: Fly out, F8 (Flyball, 8LM, EV 87.5 MPH)
Batting: RHB Katilimomi Kelekolio 0-0: Called Strike
0-1: Swinging Strike
0-2: Ball
1-2: Foul Ball, location: 2F
1-2: Ball
2-2: Ground out 4-3 (Groundball, 4, EV 88.1 MPH)
Batting: LHB Joel Kunkler 0-0: Ball
1-0: Ground out 4-3 (Groundball, 4M, EV 103.1 MPH)
Bottom of the 6th over - 0 runs, 0 hits, 0 errors, 0 left on base; Los Angeles 2 - Arizona 1
TOP OF THE 7TH
Los Angeles Dodgers batting - Pitching for Arizona Diamondbacks : LHP Tim Wybenga
Batting: LHB Chris Ringwood 0-0: Ball
1-0: Called Strike
1-1: Swinging Strike
1-2: Strikes out swinging
Batting: RHB Wing-kit Bu 0-0: Ball
1-0: Ball
2-0: Ball
3-0: Called Strike
3-1: Called Strike
3-2: Ground out 6-3 (Groundball, 56, EV 83.1 MPH)
Batting: RHB Jonathan Rangel 0-0: Ball
1-0: Ground out 3-1 (Groundball, 34, EV 79.4 MPH)
Top of the 7th over - 0 runs, 0 hits, 0 errors, 0 left on base; Los Angeles 2 - Arizona 1
BOTTOM OF THE 7TH
Arizona Diamondbacks batting - Pitching for Los Angeles Dodgers : RHP Ray Scifo
Batting: RHB Andy Swaim 0-0: Ball
1-0: Ground out 6-3 (Groundball, 56, EV 101.9 MPH)
Batting: RHB David Price Jr. 0-0: Ball
1-0: Ball
2-0: Foul Ball, location: 2F
2-1: Ball
3-1: SINGLE (Flyball, 8RS, EV 93.1 MPH)
Batting: SHB Perry Tuckfard 0-0: Called Strike
0-1: Fielders Choice at 2nd, 4-6 (Groundball, 4, EV 81.9 MPH)
Batting: LHB Armando Carbajal 0-0: Called Strike
Perry Tuckfard is caught stealing 2nd base 2-6
Bottom of the 7th over - 0 runs, 1 hit, 0 errors, 0 left on base; Los Angeles 2 - Arizona 1
TOP OF THE 8TH
Los Angeles Dodgers batting - Pitching for Arizona Diamondbacks : LHP Tim Wybenga
Pitching: RHP Stanford Placard
Batting: RHB Edwin Soto 0-0: Ball
1-0: Swinging Strike
1-1: Ball
2-1: Called Strike
2-2: Strikes out swinging
Batting: RHB Clay Buchanan 0-0: Ground out U3 (Groundball, 34S, EV 86.2 MPH)
Batting: RHB Nate Taylor 0-0: Ground out 6-3 (Groundball, 6M, EV 95.0 MPH)
Top of the 8th over - 0 runs, 0 hits, 0 errors, 0 left on base; Los Angeles 2 - Arizona 1
BOTTOM OF THE 8TH
Arizona Diamondbacks batting - Pitching for Los Angeles Dodgers : RHP Ray Scifo
Batting: LHB Armando Carbajal 0-0: Called Strike
0-1: Ball
1-1: Swinging Strike
1-2: Ball
2-2: Foul Ball, location: 2F
2-2: Foul Ball, location: 2F
2-2: Ball
3-2: Base on Balls
Pitching: LHP Sam Zegarelli
Batting: SHB Salvador Aragon 0-0: Sac Bunt to 15 - play at first, batter OUT! 1-3
Armando Carbajal to second
Batting: SHB Warren Eisner 0-0: Called Strike
0-1: Ball
1-1: Foul Ball, location: 2F
1-2: Ball
2-2: Ground out 5-3 (Groundball, 56, EV 103.8 MPH)
Pinch Hitting: RHB Steve Bartman Jr. 0-0: Ball
1-0: Ball
2-0: Called Strike
2-1: Swinging Strike
2-2: Strikes out swinging
Bottom of the 8th over - 0 runs, 0 hits, 0 errors, 1 left on base; Los Angeles 2 - Arizona 1
TOP OF THE 9TH
Los Angeles Dodgers batting - Pitching for Arizona Diamondbacks : RHP Stanford Placard
Pitching: RHP Gerardo Camacho
Now at 1B: Steve Bartman Jr.
Now in RF: David Price Jr.
Batting: LHB Lirak Bazhunaishvili 0-0: Foul Ball, location: 2F
0-1: Ground out 2-3 (Groundball, 2R, EV 74.4 MPH)
Batting: RHB Danny Dyer 0-0: Ball
1-0: Ball
2-0: Ground out 5-3 (Groundball, 56S, EV 86.9 MPH)
Batting: RHB Ben Mischnick 0-0: Called Strike
0-1: Foul Ball, location: 2F
0-2: Ball
1-2: Ball
2-2: Strikes out swinging
Top of the 9th over - 0 runs, 0 hits, 0 errors, 0 left on base; Los Angeles 2 - Arizona 1
BOTTOM OF THE 9TH
Arizona Diamondbacks batting - Pitching for Los Angeles Dodgers : LHP Sam Zegarelli
Pitching: RHP Jon Harris
Batting: RHB Katilimomi Kelekolio 0-0: Ball
1-0: Foul Ball, location: 2F
1-1: Ground out 6-3 (Groundball, 6, EV 88.8 MPH)
Batting: LHB Joel Kunkler 0-0: Called Strike
0-1: Swinging Strike
0-2: Ball
1-2: Foul Ball, location: 2F
1-2: Fly out, F4 (Popup, 23, EV 94.4 MPH)
Batting: RHB Andy Swaim 0-0: Ball
1-0: Foul Ball, location: 2F
1-1: DOUBLE (Flyball, 89XD, EV 93.1 MPH)
Batting: RHB David Price Jr. 0-0: Called Strike
0-1: Ball
1-1: Called Strike
1-2: Foul Ball, location: 2F
1-2: Ball
2-2: Foul Ball, location: 2F
2-2: Fly out, F8 (Flyball, 8RS, EV 75.0 MPH)
Bottom of the 9th over - 0 runs, 1 hit, 0 errors, 1 left on base; Los Angeles 2 - Arizona 1
Tuesday, September 13th , 2022 - OOTP Baseball 23.7 Build 88